 Dungeon Crawl Stone Soup version 0.30-a0-359-gd0147acb1a (webtiles) character file.

Game seed: 7487917153450739333

382 Pooter the Chopper (level 6, -7/57 HPs)
             Began as a Minotaur Berserker on Nov 11, 2022.
             Was a Believer of Trog.
             Killed by nerve-wracking pain
             ... invoked by Menkaure
              (11 damage)
             ... on level 4 of the Dungeon.
             The game lasted 00:11:17 (2771 turns).

Pooter the Chopper (Minotaur Berserker)             Turns: 2771, Time: 00:11:17

Health: -7/57      AC: 11    Str: 29    XL:     6   Next: 47%
Magic:  5/5        EV:  8    Int:  4    God:    Trog [**....]
Gold:   177        SH:  3    Dex: 10    Spells: 5/5 levels left

rFire   . . .      SeeInvis .    a - +1 whip (elec)
rCold   . . .      Faith    .    f - +0 buckler
rNeg    . . .      Spirit   .    v - +0 chain mail
rPois   .          Reflect  .    (helmet restricted)
rElec   .          Harm     .    (no cloak)
rCorr   .          Rampage  .    d - +0 pair of gloves
Will    .....                    c - +0 pair of boots
Stlth   ..........               (no amulet)
HPRegen 0.29/turn                n - +6 ring of strength
MPRegen 0.09/turn                (no ring)

@: on berserk cooldown, slowed, very slow
A: horns 2, retaliatory headbutt
a: Renounce Religion, Berserk, Trog's Hand


You were on level 4 of the Dungeon.
You worshipped Trog.
Trog was pleased with you.
You visited 1 branch of the dungeon, and saw 4 of its levels.

You collected 177 gold pieces.

Inventory:

Hand Weapons
 a - a +1 whip of electrocution (weapon)
   (You took it off an orc on level 3 of the Dungeon)
 b - a +0 quarterstaff
   (You found it on level 2 of the Dungeon)
 o - a +0 hand axe
 q - a +2 mace of holy wrath
   (You took it off an orc priest on level 3 of the Dungeon)
Missiles
 e - 6 atropa-tipped darts (quivered)
 s - a throwing net {!f}
 Q - 9 stones
Armour
 c - a +0 pair of boots (worn)
   (You found it on level 2 of the Dungeon)
 d - a +0 pair of gloves (worn)
   (You found it on level 1 of the Dungeon)
 f - a +0 buckler (worn)
   (You found it on level 2 of the Dungeon)
 v - a +0 chain mail (worn)
   (You took it off an orc on level 4 of the Dungeon)
Jewellery
 n - a +6 ring of strength (left hand)
   (You found it on level 3 of the Dungeon)
Wands
 D - a wand of digging (1)
   (You took it off Jessica on level 2 of the Dungeon)
Scrolls
 g - a scroll of blinking
 j - 2 scrolls of noise {unknown}
 k - 2 scrolls of fear {unknown}
 l - 2 scrolls of enchant weapon {unknown}
 p - a scroll of immolation {unknown}
 r - a scroll of vulnerability {unknown}
 t - 2 scrolls of teleportation {@r4}
Potions
 i - 4 potions of curing {unknown}
 m - 2 potions of might {unknown}
 u - 2 potions of brilliance {unknown}


   Skills:
 + Level 5.8 Fighting
 * Level 7.5 Axes
 - Level 2.4 Armour
 - Level 2.1 Dodging


You had 5 spell levels left.
You didn't know any spells.
Your spell library was empty.

Dungeon Overview and Level Annotations

Branches:
Dungeon (4/15)
 Temple: D:4-7

Altars:
Gozag
Hepliaklqana
Kikubaaqudgha
Sif Muna
Uskayaw

Annotations:
D:4 Menkaure


Innate Abilities, Weirdness & Mutations

You have a pair of horns on your head.
You reflexively headbutt those who attack you in melee.


Message History

Unknown command.
You barely miss Eustachio.
The shadow imp disappears in a puff of smoke!
The rat barely misses you. The iron imp completely misses you.
Eustachio says, "Summoning is fun!"
Eustachio mumbles some strange words.
Eustachio blinks!
Unknown command.
You hit the crimson imp.
Lightning courses through the crimson imp!!
You kill the crimson imp!
The crimson imp disappears in a puff of smoke!
The rat bites you but does no damage. The iron imp barely misses you.
The rat bites you but does no damage.
Unknown command.
The iron imp attacks as you move away! The iron imp hits you.
* * * LOW HITPOINT WARNING * * *
A hound and Menkaure come into view.
The hound barks!
Menkaure shouts!
Menkaure murmurs drily.
A phantom comes into view.
The iron imp hits you.
* * * LOW HITPOINT WARNING * * *
You closely miss Eustachio. You block Eustachio's attack.
The iron imp barely misses you. The rat barely misses you.
Unknown command.
You whack Eustachio!
Eustachio mumbles some strange words.
The rat bites you but does no damage.
The iron imp lashes its tail.
The iron imp barely misses you. Eustachio barely misses you.
Unknown command.
You hit Eustachio. The bat hits you but does no damage. x2
The hound bites you but does no damage. The rat bites you but does no damage.
The hound bites you but does no damage. Eustachio hits you but does no damage.
You block the iron imp's attack.
Menkaure gestures wildly while chanting.
Menkaure seems to speed up.
Unknown command.
You hit Eustachio.
You kill Eustachio!
Trog accepts your kill.
Trog appreciates your killing of a magic user.
The river rat disappears in a puff of smoke!
The iron imp disappears in a puff of smoke!
The bat disappears in a puff of smoke!
The rat disappears in a puff of smoke!
The bat disappears in a puff of smoke!
The hound barely misses you. Menkaure casts a spell at you.
Pain shoots through your body!
You die...

#......# #.#
#######......#
#.#
......#......#
......#......#
.............#
........#'#####
........###..?#..
##......§#h.M....
#.#+##.§@)§W....
# #.##§§.....
...# #...#..
...... ####
#..#### #.. #. .


You could see a phantom, Menkaure (fast) and a hound.

Vanquished Creatures
  A hornet (D:4)
  Eustachio (D:4)
  An orc priest (D:3)
  Jessica (D:2)
  An orc wizard (D:3)
  4 adders (D:3)
  A worm (D:3)
  A dart slug (D:3)
  9 orcs
  9 ball pythons
  5 endoplasms
  A giant cockroach (D:2)
  A goblin (D:3)
  5 hobgoblins
  3 jackals (D:3)
  7 quokkas
  8 bats
  3 frilled lizards
  3 kobolds
  2 rats
67 creatures vanquished.

Notes
Turn   | Place    | Note
-------+----------+-------------------------------------------
     0 | D:1      | Pooter the Minotaur Berserker began the quest for the Orb.
     0 | D:1      | Reached XP level 1. HP: 19/19 MP: 0/0
   315 | D:1      | Reached skill level 4 in Axes
   344 | D:1      | Reached XP level 2. HP: 24/27 MP: 1/1
   835 | D:2      | Found an ancient bone altar of Kikubaaqudgha.
   965 | D:2      | Noticed Jessica
   972 | D:2      | Killed Jessica
   973 | D:2      | Reached skill level 5 in Axes
   973 | D:2      | Reached XP level 3. HP: 28/34 MP: 2/2
  1573 | D:3      | Found a hide-covered altar of Uskayaw.
  1585 | D:3      | Reached XP level 4. HP: 41/41 MP: 3/3
  1688 | D:3      | Reached ** piety under Trog
  1756 | D:3      | Found a hazy altar of Hepliaklqana.
  1810 | D:3      | Reached skill level 6 in Axes
  1810 | D:3      | Reached XP level 5. HP: 47/47 MP: 4/4
  1944 | D:3      | Reached skill level 5 in Fighting
  2315 | D:4      | Noticed a hornet
  2318 | D:4      | Killed a hornet
  2319 | D:4      | Reached skill level 7 in Axes
  2319 | D:4      | Reached XP level 6. HP: 57/57 MP: 5/5
  2454 | D:4      | Found a shimmering blue altar of Sif Muna.
  2561 | D:4      | Found an opulent altar of Gozag.
  2736 | D:4      | Noticed Eustachio
  2767 | D:4      | Noticed Menkaure
  2767 | D:4      | HP: 2/57 [iron imp[Eustachio] (1)]
  2771 | D:4      | Killed Eustachio
  2771 | D:4      | Killed from afar by Menkaure

Illustrated notes

Levels and vault maps discovered:
D:1:      saegor_arrival_miasma, layout_loops_ring
D:2:      layout_basic, basic_altar, serial_rivers,
          chequers_serial_rivers_small_3, chequers_serial_rivers_large_b,
          chequers_serial_rivers_small_b, chequers_serial_rivers_marsh,
          uniq_jessica
D:3:      layout_basic, nicolae_uskayaw_dance_hall, mainiacjoe_overflow_alcove_4
D:4:      layout_basic, marbit_many_paths, lemuel_doored_altar,
          mainiacjoe_overflow_surrounded_room, minivault_25, uniq_pikel,
          uniq_eustachio, uniq_menkaure

Skill      XL: |  1  2  3  4  5 |
---------------+----------------+-----
Axes           | 4 5 6 7 |  7.5
Fighting       | 4 5 |  5.8
Armour         | |  2.4
Dodging        | |  2.1

Action                   |  1- 3 |  4- 6 || total
-------------------------+-------+-------++-------
Melee: Hand axe          |    16 |       ||    16
       Headbutt          |     6 |    13 ||    19
       Quarterstaff      |    33 |    31 ||    64
       Whip              |       |    58 ||    58
Throw: Dart              |       |     4 ||     4
Invok: Berserk           |     2 |     4 ||     6
       Trog's Hand       |       |     1 ||     1
  Use: Scroll            |     2 |       ||     2
Armor: Animal skin       |     5 |       ||     5
       Scale mail        |    16 |    26 ||    42
       Chain mail        |       |    23 ||    23
Dodge: Dodged            |    32 |    60 ||    92
Block: Buckler           |       |    15 ||    15

Table legend: (Time is in decaauts)
 A = Elapsed time spent in this place.
 B = Non-inter-level travel time spent in this place.
 C = Inter-level travel time spent in this place.
 D = Time resting spent in this place.
 E = Time spent auto-exploring this place.
 F = Levels seen in this place.
 G = Mean time per level.
                   A        B        C        D        E       F      G
               +--------+--------+--------+--------+--------+-----+--------+
         Total |   2860 |   2812 |     48 |    320 |   1979 |   4 |  715.0 |
       Dungeon |   2860 |   2812 |     48 |    320 |   1979 |   4 |  715.0 |
               +--------+--------+--------+--------+--------+-----+--------+

Top non-repeatable levels by time:
     D:2: 879 daAuts
     D:3: 763 daAuts
     D:1: 748 daAuts
     D:4: 470 daAuts
